Map: Central Protocol

Players

capac - Winner!

  • Race: Terran Terran
  • League: Gold

A.I. 1 (Elite)

  • Race: Protoss Protoss

VOD

Have the link to the VOD?

Description

Time

  • Played on: March 6, 2016, 2:08 p.m.
  • Length: 9:49
Show
View Real Time Build Order
Export as new Build Order

capac Terran - Winner!

Build Orders: MMM Bio 

Get SALT Encoding   

  12  0:00  SCV  
  13  0:13  SCV  
  14  0:18  Supply Depot  
  14  0:25  SCV  
  15  0:40  SCV  
  16  0:42  Barracks  
  16  0:46  Refinery  
  16  0:52  SCV  
  17  1:04  SCV  
  18  1:16  SCV  
  19  1:28  SCV  
  20  1:32  Barracks Reactor  
  20  1:36  Command Center  
  20  1:40  SCV  
  21  1:47  Supply Depot  
  21  1:58  Orbital Command  
  21  2:15  Barracks  
  21  2:16  Factory  
  21  2:22  Refinery  
  21  2:24  SCV  
  21  2:27  Marine  
  23  2:41  SCV  
  24  2:48  Marine x2  
  26  2:55  SCV  
  26  2:58  Orbital Command  
  27  3:02  Factory Tech Lab  
  27  3:03  Barracks Tech Lab  
  27  3:07  SCV  
  27  3:10  Bunker  
  28  3:15  Marine x2  
  30  3:21  Siege Tank  
  30  3:22  SCV  
  30  3:23  Marine  
  35  3:27  SCV  
  35  3:32  Stimpack  
  36  3:37  SCV  
  37  3:44  SCV  
  37  3:46  Starport  
  37  3:48  Marine x3  
  38  3:53  SCV  
  42  4:00  Siege Tank  
  45  4:03  Refinery  
  45  4:06  SCV  
  46  4:18  Supply Depot  
  46  4:21  Supply Depot  
  46  4:31  Marine x3, SCV  
  46  4:33  Siege Tank  
  46  4:35  Starport Reactor  
  53  4:38  Starport Reactor  
  53  4:42  SCV  
  53  4:43  Barracks  
  54  4:49  Marine x3, SCV  
  58  4:52  Supply Depot  
  58  4:54  SCV  
  58  4:58  Refinery  
  59  5:01  SCV  
  59  5:04  Supply Depot  
  60  5:09  Siege Tank  
  60  5:12  Marine  
  64  5:23  Medivac  
  64  5:24  Medivac  
  64  5:26  Marine x2  
  70  5:32  SCV x2  
  70  5:35  Barracks Reactor  
  72  5:42  Combat Shields  
  72  5:44  SCV x2  
  72  5:48  Marine x2  
  72  5:49  Marine  
  77  5:59  Medivac  
  79  6:06  Marine  
  80  6:13  Marine x4  
  84  6:21  Supply Depot  
  84  6:22  Command Center  
  84  6:25  Liberator x2  
  84  6:43  Siege Tank  
  84  6:44  Supply Depot  
  84  6:46  Marine  
  94  7:06  Marine x5  
  93  7:28  Marine x5  
  88  7:30  Medivac x2  
  88  7:46  Marine  
  89  7:57  Marine x2  
  89  7:58  Marine x2  
  90  7:59  Siege Tank  
  90  8:00  Medivac x2  
  94  8:31  Siege Tank  
  94  8:32  Marine x3  
  94  8:33  Marine x2  
  99  9:14  Marine  
  99  9:15  Marine x4  
Show
View Real Time Build Order
Export as new Build Order

A.I. 1 (Elite) Protoss 

Build Orders:  

Get SALT Encoding   

  12  0:01  Probe (Chrono Boost)  
  13  0:11  Probe (Chrono Boost)  
  14  0:20  Pylon  
  14  0:22  Probe (Chrono Boost)  
  15  0:38  Probe (Chrono Boost)  
  16  0:47  Assimilator  
  16  0:48  Probe (Chrono Boost)  
  17  0:50  Gateway  
  17  0:58  Pylon  
  17  0:59  Probe (Chrono Boost)  
  18  1:09  Probe (Chrono Boost)  
  19  1:20  Probe (Chrono Boost)  
  20  1:31  Probe (Chrono Boost)  
  21  1:36  Zealot  
  21  1:39  Cybernetics Core  
  23  1:42  Probe (Chrono Boost)  
  24  1:53  Probe (Chrono Boost)  
  25  1:59  Nexus  
  25  2:11  Gateway  
  25  2:18  Pylon  
  25  2:21  Zealot  
  25  2:22  Warp Gate  
  27  2:26  Probe (Chrono Boost)  
  29  2:37  Probe (Chrono Boost), Assimilator  
  29  2:47  Adept  
  29  2:49  Probe (Chrono Boost)  
  32  2:56  Adept  
  32  3:01  Probe (Chrono Boost)  
  32  3:04  Pylon  
  35  3:12  Adept  
  36  3:13  Probe (Chrono Boost)  
  38  3:23  Sentry  
  41  3:27  Probe (Chrono Boost)  
  41  3:29  Probe (Chrono Boost)  
  42  3:37  Stalker  
  42  3:38  Probe (Chrono Boost)  
  42  3:40  Probe (Chrono Boost)  
  46  3:45  Robotics Facility  
  46  3:49  Probe (Chrono Boost)  
  46  3:51  Probe (Chrono Boost), Adept  
  50  4:01  Probe (Chrono Boost)  
  52  4:02  Probe (Chrono Boost)  
  52  4:06  Adept  
  54  4:12  Probe (Chrono Boost), Pylon  
  54  4:13  Probe (Chrono Boost)  
  56  4:23  Probe (Chrono Boost)  
  58  4:25  Probe (Chrono Boost)  
  58  4:30  Stalker  
  58  4:31  Immortal  
  60  4:34  Probe (Chrono Boost)  
  60  4:35  Pylon  
  60  4:36  Probe (Chrono Boost)  
  66  4:40  Stalker  
  69  4:46  Probe (Chrono Boost)  
  69  4:47  Probe (Chrono Boost)  
  70  4:53  Stalker, Robotics Facility  
  72  5:04  Probe (Chrono Boost)  
  72  5:06  Probe (Chrono Boost)  
  74  5:07  Immortal  
  74  5:11  Pylon  
  78  5:15  Pylon  
  78  5:25  Assimilator  
  78  5:28  Gateway  
  78  5:30  Probe x2 (Chrono Boost), Stalker  
  78  5:34  Stalker  
  84  5:38  Pylon  
  84  5:45  Assimilator  
  84  5:48  Probe (Chrono Boost)  
  84  5:49  Probe (Chrono Boost)  
  86  5:55  Zealot  
  86  5:56  Forge  
  88  5:58  Nexus  
  88  6:09  Probe (Chrono Boost)  
  90  6:11  Probe (Chrono Boost)  
  90  6:18  Forge  
  90  6:22  Protoss Ground Weapons Level 1  
  90  6:28  Robotics Bay  
  90  6:35  Pylon  
  90  6:39  Pylon  
  90  6:41  Sentry  
  90  6:42  Protoss Ground Armor Level 1  
  90  6:44  Gateway  
  92  6:47  Observer  
  92  6:53  Zealot  
  95  6:59  Photon Cannon  
  95  7:00  Pylon  
  95  7:11  Probe x3 (Chrono Boost)  
  95  7:14  Disruptor  
  97  7:16  Colossus, Zealot  
  97  7:20  Zealot  
  95  7:23  Probe x3 (Chrono Boost), Adept  
  95  7:25  Pylon  
  95  7:28  Assimilator  
  79  7:35  Probe x2 (Chrono Boost), Adept  
  79  7:36  Probe (Chrono Boost)  
  74  7:38  Stalker, Sentry  
  74  7:43  Stalker  
  73  7:47  Probe (Chrono Boost)  
  73  7:55  Stalker  
  41  8:31  Nexus  
  41  8:33  Stalker  
  31  8:44  Stalker  
  31  8:53  Zealot  
  23  9:01  Zealot  
  23  9:14  Zealot  
  23  9:22  Zealot  
  23  9:29  Zealot  
Tags
 
Composition
MMM Bio
League
Gold
Matchup
PvT
Add a new tag
Caveats
  • Supply blocks, unpowered buildings, or Contaminate may cause inaccurate times.
  • Supply counts are checked every 10 seconds.